Map: Sunset Valley LE

Players

LtPrime - Winner!

  • Race: Protoss Protoss
  • Spawn Location: 12:00

Terminator - Winner!

  • Race: Terran Terran
  • Spawn Location: 9:00

Vit - Winner!

  • Race: Terran Terran
  • League: Silver
  • Spawn Location: 12:00

Vintex - Winner!

  • Race: Terran Terran
  • Spawn Location: 11:00

adilegia

  • Race: Terran Terran
  • Spawn Location: 5:00

CDEFGAHC

  • Race: Zerg Zerg
  • Spawn Location: 6:00

MooEsqoo

  • Race: Protoss Protoss
  • Spawn Location: 5:00

Shefhirof

  • Race: Terran Terran
  • Spawn Location: 5:00

VOD

Have the link to the VOD?

Description

Time

  • Played on: Nov. 13, 2019, 11:21 a.m.
  • Length: 20:19
Show
View Real Time Build Order
Export as new Build Order

LtPrime Protoss - Winner!

Build Orders: Carriers, Dark Templar Rush 

Get SALT Encoding   

  12  0:11  Probe (Chrono Boost)  
  14  0:21  Pylon, Probe (Chrono Boost)  
  14  0:26  Assimilator  
  14  0:39  Probe  
  15  0:49  Gateway  
  15  0:51  Assimilator  
  15  0:55  Probe (Chrono Boost)  
  16  1:07  Probe (Chrono Boost)  
  17  1:14  Probe (Chrono Boost)  
  18  1:21  Probe  
  19  1:33  Probe  
  20  1:40  Cybernetics Core  
  20  1:48  Pylon  
  20  1:53  Probe  
  21  2:05  Probe (Chrono Boost)  
  22  2:22  Probe (Chrono Boost)  
  23  2:44  Robotics Facility  
  23  2:47  Twilight Council  
  23  2:48  Gateway, Warp Gate  
  23  2:54  Pylon  
  23  3:15  Gateway  
  23  3:31  Warp Prism  
  25  3:34  Dark Shrine  
  25  3:38  Gateway  
  25  4:54  Dark Templar x4  
  33  5:40  Dark Templar x2  
  33  5:41  Dark Templar  
  27  7:06  Warp Prism (Chrono Boost)  
  25  7:16  Pylon  
  25  7:17  Pylon  
  25  7:19  Pylon  
  25  7:49  Gateway  
  25  7:51  Gateway  
  25  7:53  Gateway  
  25  7:54  Assimilator  
  24  8:18  Dark Templar x2  
  24  8:19  Dark Templar x2  
  24  8:48  Stalker  
  24  8:49  Stalker x2  
  24  8:53  Stalker  
  24  8:54  Stalker  
  22  9:10  Dark Templar  
  22  9:11  Dark Templar  
  22  9:13  Probe (Chrono Boost)  
  27  9:23  Probe (Chrono Boost)  
  28  9:28  Probe (Chrono Boost)  
  29  9:31  Assimilator  
  29  9:34  Assimilator  
  29  9:39  Probe  
  29  9:42  Assimilator  
  29  9:45  Assimilator  
  30  9:51  Probe  
  31  9:56  Nexus  
  31  10:03  Probe (Chrono Boost)  
  31  10:04  Pylon  
  31  10:07  Pylon  
  32  10:15  Probe (Chrono Boost)  
  33  10:22  Probe (Chrono Boost)  
  34  10:29  Nexus, Probe  
  34  10:32  Stargate  
  34  10:34  Stargate  
  35  10:37  Stargate  
  35  10:39  Stargate  
  35  10:41  Probe, Stargate  
  36  10:54  Probe  
  37  11:06  Probe  
  38  11:18  Probe  
  39  11:30  Probe, Fleet Beacon  
  40  11:52  Probe (Chrono Boost)  
  41  12:01  Probe (Chrono Boost)  
  39  12:10  Probe (Chrono Boost)  
  39  12:11  Probe (Chrono Boost)  
  39  12:15  Probe (Chrono Boost)  
  41  12:21  Probe (Chrono Boost)  
  41  12:22  Probe x2 (Chrono Boost)  
  44  12:27  Probe x2 (Chrono Boost)  
  44  12:28  Probe  
  47  12:31  Carrier x3  
  47  12:32  Carrier  
  71  12:39  Probe (Chrono Boost)  
  71  12:41  Probe (Chrono Boost)  
  71  12:42  Carrier  
  71  12:43  Probe (Chrono Boost)  
  80  12:51  Probe (Chrono Boost)  
  81  12:52  Pylon  
  81  12:54  Pylon  
  81  12:55  Pylon  
  81  12:57  Pylon  
  81  13:41  Pylon, Carrier  
  87  13:42  Carrier  
  87  13:43  Pylon  
  87  13:46  Pylon  
  93  13:48  Pylon  
  93  14:04  Nexus  
  93  14:08  Assimilator  
  93  14:09  Carrier  
  99  14:10  Carrier  
  99  14:13  Assimilator  
  99  14:17  Carrier  
  111  14:33  Cybernetics Core  
  111  14:34  Forge  
  111  14:38  Protoss Air Weapons Level 1  
  111  14:50  Carrier  
  111  14:51  Carrier  
  123  15:13  Carrier  
  129  15:20  Protoss Shields Level 1  
  129  15:31  Protoss Air Armor Level 1 (Chrono Boost)  
  129  15:48  Mothership (Chrono Boost)  
  137  16:02  Carrier  
  143  16:15  Carrier x2  
  143  16:16  Carrier  
  161  16:21  Carrier  
  167  16:45  Protoss Air Weapons Level 2 (Chrono Boost)  
  167  16:50  Pylon  
  167  16:52  Pylon  
  167  16:54  Pylon  
  131  17:26  Carrier x4  
  131  17:27  Carrier  
  155  17:49  Protoss Shields Level 2 (Chrono Boost)  
  155  18:06  Protoss Air Armor Level 2 (Chrono Boost)  
  155  18:30  Carrier  
  155  18:31  Carrier x2  
Show
View Real Time Build Order
Export as new Build Order

Terminator Terran - Winner!

Build Orders: Command Center First (CC) 

Get SALT Encoding   

  12  1:06  SCV  
  13  1:16  Supply Depot  
  13  1:18  SCV  
  14  1:23  Supply Depot  
  14  1:28  Refinery  
  14  1:30  SCV  
  15  1:38  Command Center  
  15  1:41  Barracks  
  15  1:42  SCV  
  16  1:48  Barracks  
  16  2:04  Barracks  
  16  2:15  Refinery  
  16  2:16  SCV  
  17  2:38  Refinery  
  17  2:53  Refinery  
  17  3:01  Marine  
  17  3:02  Marine x2  
  20  3:09  Factory  
  20  3:16  Engineering Bay  
  20  3:19  SCV  
  21  3:25  Orbital Command  
  21  3:48  Missile Turret  
  21  4:00  Planetary Fortress  
  21  4:10  Missile Turret  
  21  4:14  SCV  
  22  4:30  Missile Turret  
  22  4:52  Missile Turret  
  22  4:54  SCV  
  23  5:01  Factory Tech Lab  
  23  5:06  SCV, Marine  
  25  5:09  Marine  
  26  5:29  Siege Tank  
  29  5:37  Marine  
  29  5:38  Marine  
  29  5:40  Marine  
  32  6:14  Starport  
  32  6:15  Starport  
  32  6:16  SCV  
  33  6:28  SCV  
  34  6:41  SCV  
  35  6:53  SCV  
  36  7:05  Marine x3  
  36  7:07  Siege Tank  
  42  7:10  Starport Reactor  
  42  7:12  Starport Reactor  
  42  7:15  SCV  
  42  7:19  SCV  
  44  7:23  Marine x2  
  46  8:02  Siege Tank  
  49  8:06  Supply Depot  
  49  8:11  Medivac x2  
  53  8:16  Marine  
  54  8:28  Medivac x2, Marine x2  
  54  8:29  Supply Depot  
  54  8:32  SCV  
  54  8:34  Marine  
  62  8:51  SCV x2, Marine x2  
  62  8:53  Supply Depot  
  66  9:00  Siege Tank  
  66  9:01  Marine  
  70  9:14  SCV x2, Marine x2  
  74  9:17  Supply Depot  
  74  9:19  Marine  
  74  9:23  Medivac x2  
  79  9:25  Medivac x2  
  79  9:26  SCV  
  84  9:32  Marine  
  85  9:38  SCV  
  86  9:51  SCV  
  87  9:58  Medivac x2  
  91  10:01  Siege Tank  
  94  10:19  Supply Depot  
  94  10:40  Marine x3  
  94  10:41  SCV x2  
  99  10:53  SCV  
  89  11:05  SCV  
  76  11:17  SCV  
  50  11:29  Viking x4  
  58  11:40  Supply Depot  
  58  11:48  Marine x3  
  61  11:59  Viking x4  
  69  12:06  Marine x2  
  61  12:14  Armory  
  61  12:21  Armory  
  61  12:25  Widow Mine  
  61  12:29  Viking x4  
  71  12:47  Widow Mine  
  71  12:48  Command Center  
  73  12:59  Viking x4  
  81  13:08  Widow Mine  
  81  13:09  Terran Ship Weapons Level 1  
  81  13:11  Terran Vehicle And Ship Armor Level 1  
  83  13:28  Drilling Claws  
  83  13:29  Widow Mine  
  83  13:32  Viking x2  
  83  13:33  Viking  
  91  13:36  Refinery  
  91  13:51  Widow Mine  
  93  14:05  Planetary Fortress, Refinery  
  93  14:10  Missile Turret  
  93  14:27  Viking x2  
  93  14:28  Viking  
  93  14:30  Missile Turret  
  85  14:46  Smart Servos  
  85  14:50  Missile Turret  
  85  14:57  Viking  
  77  15:12  Missile Turret  
  64  15:33  Missile Turret  
  64  15:41  Viking x2  
  58  15:54  Missile Turret  
  58  15:56  Terran Ship Weapons Level 2  
  58  15:57  Terran Vehicle And Ship Armor Level 2  
  58  15:59  Viking x2  
  62  16:06  SCV  
  63  16:11  Viking x2  
  53  16:18  SCV  
  54  16:25  Missile Turret  
  54  16:27  Missile Turret  
  54  16:29  Viking x2  
  54  16:30  SCV  
  58  16:35  Missile Turret  
  58  16:36  Missile Turret  
  58  16:41  Viking x2  
  62  16:47  Missile Turret  
  62  16:50  Missile Turret  
  60  16:57  SCV  
  61  17:09  SCV  
  61  17:13  Liberator x3  
  61  17:14  Liberator  
  66  17:21  SCV  
  51  17:33  SCV  
  64  17:53  Missile Turret  
  64  17:56  Liberator x4  
  64  18:13  Missile Turret  
  76  18:39  Liberator x3  
Show
View Real Time Build Order
Export as new Build Order

Vit Terran - Winner!

Build Orders: 2 Factory 

Get SALT Encoding   

  12  0:02  SCV  
  13  0:15  Supply Depot  
  13  0:17  SCV  
  14  0:29  SCV  
  15  0:41  Barracks  
  15  1:04  Refinery  
  15  1:08  SCV  
  15  1:09  Refinery  
  16  1:20  SCV  
  17  1:32  SCV  
  18  1:38  Barracks  
  18  1:39  Marine  
  19  1:44  SCV  
  20  1:51  Supply Depot  
  20  1:56  SCV, Marine  
  22  2:14  Marine  
  23  2:23  Factory  
  23  2:26  Barracks Tech Lab  
  23  2:39  Factory  
  23  2:46  Marauder  
  23  2:49  Barracks Reactor  
  25  2:53  Combat Shield  
  25  3:07  Marauder  
  27  3:25  Factory Reactor  
  27  3:46  Starport  
  27  3:57  Factory Tech Lab  
  27  3:59  Command Center  
  27  4:10  Hellion x2  
  31  4:26  Supply Depot  
  31  4:39  Supply Depot  
  31  4:48  Marine  
  31  4:50  Supply Depot  
  29  5:01  Supply Depot  
  27  5:32  Starport Tech Lab  
  27  5:39  Bunker  
  27  5:49  Marine  
  27  5:50  Marine  
  27  5:54  Marauder  
  31  6:07  Marine x2  
  31  6:08  SCV  
  34  6:20  SCV  
  34  6:25  Marine x2  
  36  6:32  SCV  
  38  6:43  Marine x2  
  40  6:53  Marauder  
  42  6:58  Raven  
  44  7:14  Marauder  
  46  7:18  Armory  
  46  7:36  Marauder  
  48  7:38  Marine x2  
  50  7:53  Siege Tank  
  50  7:56  Marine x2  
  50  7:57  Marauder  
  57  8:14  Marine x2  
  57  8:19  Marauder  
  61  8:32  Marine x2  
  63  8:34  Bunker  
  63  8:40  Marauder  
  65  8:46  Thor  
  71  9:01  Marauder  
  73  9:21  Medivac  
  75  9:38  Fusion Core  
  75  9:45  Supply Depot  
  75  9:51  Medivac  
  77  10:07  Thor  
  77  10:09  Supply Depot  
  83  10:21  Medivac  
  85  10:41  Ghost Academy  
  85  10:51  Medivac, Marine x2  
  85  10:56  Marauder  
  91  11:09  Marine x2  
  93  11:18  Engineering Bay  
  93  11:22  Supply Depot  
  93  11:27  Marine  
  94  11:36  Orbital Command  
  94  11:43  Raven, Marine  
  94  11:44  Marauder, Marine  
  94  11:45  Supply Depot  
  100  12:01  Marine  
  99  12:27  Battlecruiser  
  105  12:37  Hellion  
  105  12:42  Hellbat x2  
  109  13:35  Thor, Hellbat  
  117  13:43  Planetary Fortress  
  117  14:06  Command Center  
  117  14:44  Starport  
  117  15:18  Planetary Fortress  
  117  16:08  SCV  
  118  16:17  Ghost  
  120  16:20  SCV  
  120  16:21  Marine x2  
  125  16:25  Hellbat  
  125  16:26  Hellbat  
  125  16:30  Siege Tank  
  130  16:33  SCV  
  130  16:34  Starport Tech Lab  
  130  16:39  Marine x2  
  133  16:45  SCV  
  133  16:46  Ghost  
  138  16:47  Hellbat x2  
  140  16:54  Refinery  
  140  16:57  SCV  
  140  16:59  Refinery  
  141  17:04  Supply Depot  
  141  17:26  Hellbat x2  
  148  17:54  Hellbat x2  
  149  18:09  Starport  
  147  18:20  Battlecruiser  
  95  18:47  Supply Depot  
  55  19:01  Starport Tech Lab  
  49  19:12  Starport  
  49  19:13  Starport  
  55  19:51  Starport Tech Lab  
  55  19:53  Starport Tech Lab  
Show
View Real Time Build Order
Export as new Build Order

Vintex Terran - Winner!

Build Orders:  

Get SALT Encoding   

  12  0:15  Supply Depot  
  12  0:18  SCV  
  13  0:30  SCV  
  14  0:44  Barracks  
  14  0:48  SCV  
  15  1:05  Refinery  
  15  1:07  Refinery  
  15  1:32  Supply Depot  
  15  1:47  SCV  
  16  1:54  Marine  
  16  2:00  SCV  
  18  2:12  SCV, Marine  
  20  2:23  Supply Depot  
  20  2:24  SCV  
  20  2:29  Marine  
  21  2:36  SCV  
  23  2:47  Factory, Marine  
  23  2:48  SCV  
  25  3:00  SCV  
  25  3:05  Marine  
  27  3:16  SCV  
  28  3:28  SCV  
  29  3:38  Supply Depot  
  29  3:41  SCV  
  30  4:02  Supply Depot  
  30  4:22  Orbital Command  
  30  4:26  Supply Depot  
  30  4:36  Command Center  
  30  6:04  Starport  
  30  6:05  Starport  
  30  6:06  Starport  
  30  6:08  Starport  
  30  6:23  Supply Depot  
  30  6:28  SCV  
  31  6:40  SCV  
  31  6:41  Refinery  
  31  6:45  Supply Depot  
  31  6:46  Refinery  
  32  6:52  SCV  
  33  7:02  Starport Tech Lab x4  
  33  7:11  Fusion Core  
  33  7:19  Armory x2  
  33  7:30  SCV  
  34  7:42  SCV  
  35  7:54  SCV  
  36  8:05  Weapon Refit  
  36  8:06  SCV  
  36  8:09  Terran Vehicle And Ship Armor Level 1, Terran Ship Weapons Level 1  
  36  8:12  Battlecruiser x2  
  55  8:13  Battlecruiser  
  55  8:18  SCV  
  51  10:04  Terran Vehicle And Ship Armor Level 2, Terran Ship Weapons Level 2  
  51  10:21  Battlecruiser x2  
  51  10:22  Battlecruiser x2  
  75  10:29  Supply Depot  
  75  10:51  Supply Depot  
  75  11:13  Supply Depot  
  75  12:13  Battlecruiser x2  
  75  12:14  Battlecruiser x2  
  99  12:24  Supply Depot  
  99  12:35  Terran Vehicle And Ship Armor Level 3  
  99  12:46  Supply Depot  
  99  12:57  Terran Ship Weapons Level 3  
  99  13:09  Supply Depot  
  87  15:25  Battlecruiser x4  
  111  16:24  Command Center  
  111  16:29  Battlecruiser  
Show
View Real Time Build Order
Export as new Build Order

adilegia Terran 

Build Orders:  

Get SALT Encoding   

  12  0:19  SCV  
  13  0:27  Supply Depot  
  13  0:31  SCV  
  14  0:43  SCV  
  15  0:50  Barracks  
  15  0:57  SCV, Supply Depot  
  16  1:00  Refinery  
  16  1:13  SCV  
  18  1:25  SCV  
  18  1:40  Marine  
  18  1:46  Command Center  
  19  1:53  SCV  
  20  1:57  Marine  
  21  2:04  Engineering Bay  
  21  2:15  Marine  
  21  2:18  Factory, SCV  
  23  2:30  SCV  
  23  2:33  Marine  
  23  2:35  Supply Depot  
  25  2:43  SCV  
  26  2:52  Refinery  
  26  2:55  SCV, Missile Turret  
  27  3:01  Missile Turret  
  27  3:05  Factory Tech Lab  
  27  3:15  Planetary Fortress  
  27  3:29  Supply Depot  
  27  3:33  Widow Mine  
  29  3:38  Orbital Command  
  29  3:50  Neosteel Armor  
  29  4:14  Siege Tank  
  29  4:16  SCV  
  33  4:18  SCV  
  34  4:28  SCV  
  35  4:39  SCV  
  35  4:40  SCV  
  37  4:47  Starport  
  37  4:51  SCV, Widow Mine  
  37  4:52  SCV  
  41  5:04  SCV  
  41  5:06  Refinery  
  42  5:09  Refinery  
  42  5:10  Missile Turret  
  42  5:16  SCV  
  43  5:42  Missile Turret  
  43  5:46  SCV  
  44  5:54  Starport Reactor  
  44  5:58  SCV  
  45  6:10  SCV  
  46  6:12  Command Center  
  46  6:17  Siege Tank  
  29  7:05  Siege Tank  
  32  7:14  SCV  
  33  7:19  Missile Turret  
  33  7:24  SCV  
  33  7:26  SCV  
  35  7:31  Sensor Tower  
  35  7:36  SCV x2  
  37  7:38  SCV  
  38  7:46  Viking  
  38  7:47  Viking  
  38  7:48  SCV x2  
  38  7:51  SCV  
  45  7:54  Widow Mine  
  47  8:00  SCV x2, Missile Turret  
  47  8:03  SCV, Hi-Sec Auto Tracking  
  50  8:09  Missile Turret  
  50  8:12  SCV  
  51  8:15  SCV  
  51  8:16  Widow Mine, Viking x2  
  58  8:24  SCV  
  59  8:27  SCV  
  57  8:36  SCV  
  57  8:39  SCV  
  59  8:46  Viking  
  61  9:02  Armory  
  61  9:04  SCV  
  63  9:10  SCV  
  63  9:16  SCV, Refinery  
  64  9:18  Refinery  
  64  9:22  SCV  
  65  9:29  Viking x2  
  69  9:34  SCV x2  
  71  9:46  SCV  
  71  9:47  Widow Mine  
  74  9:55  Starport  
  74  9:58  SCV  
  74  9:59  Viking  
  77  10:06  Supply Depot  
  77  10:15  Orbital Command  
  77  10:27  Viking  
  79  10:29  Supply Depot  
  79  10:31  Viking  
  81  10:37  Starport Reactor  
  81  10:40  Terran Ship Weapons Level 1  
  81  10:48  Supply Depot  
  81  10:51  Supply Depot  
  81  10:57  Viking  
  83  11:10  Supply Depot  
  79  11:14  Supply Depot  
  67  11:33  Viking x3  
  67  11:34  Viking  
  67  11:39  Supply Depot  
  75  11:48  Starport  
  75  12:03  Supply Depot, Viking x3  
  75  12:04  Viking  
  83  12:33  Viking x3  
  83  12:34  Terran Vehicle And Ship Armor Level 1, Viking  
  91  12:40  Starport Reactor  
  91  13:03  Viking x4  
  97  13:18  Supply Depot  
  97  13:24  Supply Depot  
  97  13:29  SCV  
  97  13:33  Viking  
  97  13:34  Viking x5  
  104  13:41  Supply Depot  
  110  14:03  Viking  
  110  14:04  Viking x5  
  122  14:28  Terran Ship Weapons Level 2  
  122  14:31  Sensor Tower  
  122  14:32  Supply Depot  
  122  14:33  Viking  
  122  14:34  Viking x5  
  112  14:55  Supply Depot  
  112  15:03  Viking x2  
  112  15:04  Viking x4  
  96  15:33  Viking x2  
  96  15:34  Viking x4  
  106  16:03  Viking x2  
  106  16:04  Viking x4  
  106  16:33  Viking x3  
  106  16:35  Viking x3  
  114  17:03  Viking x3  
  114  17:05  Viking x3  
  101  17:33  Viking x3  
  101  17:35  Viking x3  
  113  18:03  Viking x3  
  113  18:05  Viking x3  
  125  18:33  Viking x3  
  126  18:35  Viking  
Show
View Real Time Build Order
Export as new Build Order

CDEFGAHC Zerg 

Build Orders: 1 Base Baneling Bust, Pool First 

Get SALT Encoding   

  12  0:24  Spawning Pool  
  11  0:34  Extractor  
  10  0:37  Extractor  
  10  0:39  Drone  
  10  0:40  Drone x2  
  12  0:52  Overlord  
  12  1:25  Baneling Nest  
  12  1:29  Zergling x4  
  12  1:30  Zergling x2  
  14  2:00  Lair  
  14  2:03  Drone x3  
  17  2:12  Baneling  
  17  2:27  Zergling x4  
  19  2:47  Baneling x3  
  19  2:48  Baneling  
  19  2:49  Baneling  
  19  2:56  Zergling x4  
  21  3:08  Hydralisk Den  
  20  3:19  Spine Crawler  
  19  3:21  Zergling x2  
  20  3:41  Drone  
  20  3:42  Drone  
  22  4:36  Overlord  
  22  4:39  Overlord  
  22  4:54  Queen  
  22  4:58  Baneling x3  
  16  6:09  Hydralisk x3  
  22  7:03  Hydralisk x4  
  22  7:04  Hydralisk x2  
  34  7:08  Overseer  
  34  7:17  Zergling x2  
  34  7:18  Zergling x4  
  37  7:56  Spine Crawler  
  36  8:00  Spine Crawler  
  36  8:03  Overlord  
  35  10:07  Baneling  
  35  10:08  Baneling x5  
  22  11:18  Hatchery  
  22  11:20  Drone  
  22  11:21  Drone x2  
  24  11:26  Overlord  
  24  11:27  Overlord x2  
  24  12:32  Lair  
  21  14:02  Drone x2  
  23  14:03  Drone  
  24  14:18  Queen  
  27  15:50  Drone x3  
  29  17:40  Hydralisk  
  29  17:41  Hydralisk x5  
  29  17:42  Hydralisk x4  
  29  17:43  Hydralisk x2  
  53  19:11  Zergling x2  
  53  19:16  Overlord  
Show
View Real Time Build Order
Export as new Build Order

MooEsqoo Protoss 

Build Orders: 1 Gate Expand 

Get SALT Encoding   

  12  0:02  Probe  
  13  0:17  Probe  
  14  0:22  Pylon  
  14  0:29  Probe  
  15  0:41  Probe  
  15  0:42  Gateway  
  16  0:48  Assimilator  
  16  0:54  Probe  
  17  1:06  Probe  
  18  1:18  Probe  
  19  1:30  Probe  
  20  1:36  Nexus  
  20  1:39  Cybernetics Core  
  20  1:44  Pylon  
  20  1:46  Probe  
  21  1:57  Assimilator  
  21  1:58  Probe  
  22  2:13  Probe  
  22  2:15  Stalker  
  25  2:19  Warp Gate (Chrono Boost)  
  25  2:26  Probe  
  26  2:44  Forge  
  26  2:47  Stalker (Chrono Boost)  
  26  2:49  Probe  
  29  2:54  Probe  
  30  3:01  Probe  
  31  3:07  Probe  
  31  3:08  Gateway  
  32  3:18  Stalker (Chrono Boost)  
  34  3:30  Protoss Ground Weapons Level 1 (Chrono Boost)  
  34  3:42  Probe  
  34  3:43  Probe  
  34  3:46  Assimilator  
  36  3:54  Probe  
  37  4:03  Stalker  
  37  4:04  Stalker  
  41  4:14  Probe  
  41  4:15  Probe  
  43  4:26  Probe  
  43  4:30  Stalker  
  46  4:38  Gateway  
  46  4:42  Pylon  
  46  4:44  Pylon  
  46  4:46  Pylon  
  46  4:48  Pylon  
  46  4:52  Pylon  
  45  5:00  Gateway  
  45  5:03  Gateway  
  28  5:08  Twilight Council  
  19  5:15  Photon Cannon  
  14  6:22  Nexus  
  14  6:25  Assimilator  
  14  7:35  Probe  
  15  8:02  Probe  
  16  8:14  Probe  
  17  8:26  Probe  
  18  8:39  Probe  
  19  8:51  Probe  
  20  9:03  Probe  
  21  9:21  Probe  
  22  9:34  Probe  
  23  9:46  Probe  
  24  9:58  Probe  
  25  10:10  Probe  
  26  10:15  Shield Battery  
  26  10:17  Photon Cannon  
  26  10:22  Probe  
  27  10:34  Probe  
  28  10:46  Probe  
  29  10:58  Probe  
  29  11:03  Nexus  
  30  11:10  Probe  
  31  11:23  Probe  
  32  11:30  Protoss Ground Weapons Level 2 (Chrono Boost)  
  32  11:34  Blink (Chrono Boost)  
  32  11:35  Probe  
  33  11:58  Pylon  
  33  12:03  Pylon  
  33  12:14  Probe  
  35  12:15  Probe  
  35  12:22  Stalker  
  37  12:26  Probe  
  37  12:27  Probe  
  37  12:29  Stalker  
  41  12:38  Probe, Stalker  
  41  12:39  Probe  
  45  12:49  Stalker  
  45  12:51  Stalker  
  49  12:59  Assimilator  
  49  13:04  Assimilator  
  49  13:08  Pylon  
  49  13:26  Photon Cannon  
  49  13:31  Probe  
  49  13:33  Probe  
  51  13:43  Probe  
  51  13:45  Probe  
  53  13:55  Protoss Ground Weapons Level 3 (Chrono Boost), Probe  
  53  13:57  Probe  
  53  13:58  Stalker  
  53  14:00  Stalker x2  
  61  14:16  Pylon  
  61  14:26  Stalker  
  61  14:27  Stalker x3  
  69  15:08  Stalker  
  69  15:09  Stalker x4  
  80  15:21  Probe  
  80  15:33  Pylon  
  80  15:35  Nexus  
  80  15:46  Stalker  
  80  15:47  Stalker x3  
  80  15:48  Stalker  
  90  16:19  Protoss Air Weapons Level 1 (Chrono Boost)  
  90  16:30  Assimilator  
  90  16:35  Assimilator  
  90  16:38  Photon Cannon  
  90  16:39  Pylon  
  90  16:45  Shield Battery  
  90  16:46  Shield Battery  
  90  16:56  Probe  
  91  17:07  Protoss Ground Armor Level 1  
  91  17:08  Probe  
  91  17:11  Stargate  
  91  17:13  Stargate  
  91  17:15  Stargate  
  92  17:16  Stargate  
  92  17:18  Stargate  
  92  17:20  Probe  
  93  17:32  Probe  
  94  17:39  Photon Cannon  
  94  17:42  Photon Cannon  
  94  17:43  Shield Battery  
  94  17:45  Probe  
  95  17:57  Probe  
  96  18:09  Probe, Forge  
  97  18:12  Fleet Beacon  
  97  18:21  Probe  
  96  18:32  Stalker  
  96  18:33  Probe, Stalker x3  
  96  18:34  Stalker  
  81  18:45  Probe  
  62  18:57  Probe  
  62  18:59  Stalker x2  
  62  19:00  Stalker x3  
  73  19:09  Probe  
  74  19:21  Probe  
  105  19:33  Probe  
  106  19:46  Probe  
  107  19:58  Probe  
Show
View Real Time Build Order
Export as new Build Order

Shefhirof Terran 

Build Orders:  

Get SALT Encoding   

  12  0:01  SCV  
  13  0:13  SCV  
  14  0:18  Supply Depot  
  14  0:26  Refinery  
  14  0:27  SCV  
  15  0:43  Barracks  
  15  0:46  SCV  
  16  0:54  Refinery  
  16  0:58  SCV  
  17  1:10  Supply Depot  
  17  1:13  SCV  
  18  1:25  SCV  
  19  1:34  Factory  
  19  1:37  Barracks Tech Lab  
  19  1:42  SCV  
  20  1:54  SCV  
  21  2:06  SCV  
  22  2:18  SCV  
  23  2:28  Siege Tank  
  26  2:40  SCV, Command Center  
  27  2:48  Engineering Bay  
  27  2:52  SCV  
  27  2:57  Supply Depot  
  28  3:00  Barracks Reactor  
  28  3:09  Siege Tank  
  31  3:23  Missile Turret  
  31  3:24  Orbital Command  
  31  3:41  Factory  
  31  3:46  Armory  
  31  3:53  SCV, Refinery  
  32  4:07  Starport  
  32  4:08  SCV  
  33  4:13  SCV  
  33  4:14  Barracks Reactor  
  34  4:24  Refinery  
  34  4:25  SCV  
  34  4:26  SCV  
  36  4:37  Drilling Claws  
  36  4:41  Widow Mine  
  36  4:42  Widow Mine  
  36  4:44  SCV  
  41  4:56  SCV  
  42  5:03  Barracks Reactor  
  42  5:06  Viking x2  
  46  5:10  SCV  
  47  5:18  Orbital Command  
  45  6:13  Hellion  
  45  6:24  Starport  
  45  6:29  Starport  
  45  6:30  Viking x2  
  49  6:55  Missile Turret  
  49  6:59  Missile Turret  
  49  7:00  Viking  
  51  7:05  Missile Turret  
  51  7:09  Starport  
  51  7:24  SCV  
  51  7:26  Starport Reactor  
  51  7:29  Viking  
  54  7:31  Missile Turret  
  54  7:35  Supply Depot  
  54  7:38  Supply Depot  
  54  7:57  Starport Reactor, SCV, Viking x3  
  61  7:59  Viking  
  61  8:00  SCV  
  64  8:06  Supply Depot  
  64  8:07  Supply Depot  
  64  8:09  SCV  
  65  8:13  Widow Mine x3  
  65  8:16  Armory  
  69  8:21  SCV  
  70  8:33  SCV  
  72  8:34  Widow Mine  
  70  9:08  SCV  
  71  9:11  Viking  
  71  9:12  Viking x6  
  85  9:21  Missile Turret  
  85  9:26  SCV  
  85  9:27  Supply Depot  
  86  9:48  Missile Turret, Viking  
  86  9:49  Siege Tank, Viking  
  93  10:16  Supply Depot  
  93  10:19  Supply Depot  
  93  10:24  Terran Vehicle Weapons Level 1  
  93  10:27  Terran Ship Weapons Level 1  
  93  10:38  Viking x4  
  93  10:41  Viking  
  103  10:52  Missile Turret  
  103  10:55  Viking x2  
  103  10:56  Viking  
  109  10:58  Missile Turret  
  109  10:59  Missile Turret  
  109  11:08  Viking  
  95  11:37  Refinery  
  95  11:40  Missile Turret  
  95  11:41  Widow Mine x3  
  95  11:43  Command Center  
  101  11:57  Supply Depot  
  101  11:59  Supply Depot  
  101  12:00  SCV  
  102  12:02  Widow Mine  
  102  12:03  SCV  
  105  12:13  Viking  
  107  12:21  Missile Turret, Supply Depot  
  107  12:26  Terran Vehicle Weapons Level 2  
  107  12:39  Missile Turret  
  107  12:42  Missile Turret  
  107  12:45  Missile Turret  
  107  12:46  SCV  
  108  12:58  SCV  
  108  12:59  Planetary Fortress  
  108  13:04  Refinery  
  109  13:10  SCV  
  110  13:13  Siege Tank  
  110  13:14  Widow Mine x2  
  117  13:26  Viking x4  
  125  13:28  SCV  
  126  13:35  SCV  
  127  13:44  Supply Depot  
  127  13:49  SCV  
  128  14:00  Viking x6  
  140  14:06  Supply Depot  
  140  14:08  Supply Depot  
  140  14:10  Terran Vehicle And Ship Armor Level 1  
  140  14:25  Armory  
  140  14:28  Viking x2  
  140  14:31  Smart Servos  
  144  14:32  Factory  
  134  15:52  Widow Mine x4  
  142  16:13  Widow Mine x3  
  142  16:14  Widow Mine, Missile Turret  
  142  16:15  Missile Turret  
  150  16:20  Viking x3  
  150  16:21  Viking x2  
  160  16:35  Widow Mine x3, SCV  
  167  16:47  SCV  
  167  16:53  Viking x2  
  114  17:29  Missile Turret  
  114  17:30  Missile Turret  
  114  17:34  Viking  
  114  17:35  Viking  
  114  17:36  Viking  
  120  18:12  Command Center  
  112  18:48  Viking x5  
  118  18:49  Viking  
Tags
 
Add a new tag
Caveats
  • Supply blocks, unpowered buildings, or Contaminate may cause inaccurate times.
  • Supply counts are checked every 10 seconds.